 Dungeon Crawl Stone Soup version 0.20.0-4-g10b340a (webtiles) character file.

580988 MDvedh the Shatterer (level 25, -9/240 HPs)
             Began as a Minotaur Venom Mage on May 27, 2017.
             Was a Follower of Uskayaw.
             Mangled by an Orb Guardian (43 damage)
             ... on level 4 of the Realm of Zot.
             The game lasted 02:15:15 (57514 turns).

MDvedh the Shatterer (Minotaur Venom Mage)         Turns: 57514, Time: 02:15:17

Health: -9/240     AC: 36    Str: 21 (22) XL:     25   Next: 93%
Magic:  0/35       EV: 22    Int: 14      God:    Uskayaw [*.....]
Gold:   2885       SH: 14    Dex:  8 (10) Spells: 26/26 levels left

rFire    + + .     SeeInvis .   F - +8 demon whip (freeze)
rCold    + + .     Gourm    .   a - +0 shield
rNeg     + + +     Faith    .   p - +10 storm dragon scales
rPois    .         Spirit   +   J - +2 hat
rElec    +         Reflect  .   r - scarf {rC+ rF+}
rCorr    .         Harm     .   (no gloves)
MR       ++...                  h - +2 pair of boots of Viac {rC+}
Stlth    ..........             R - amulet "Xadoil" {Spirit *Contam rElec rN+++ Int+4}
Regen    0.5/turn               w - ring of Humeng {rF+ Slay+2 Stlth-}
MPRegen  0.3/turn               k - +6 ring of evasion

@: no status effects
A: retaliatory headbutt, horns 2, clumsy 1, deterioration 1, dopey 1, magic
resistance 1, screaming 1, weak 1
0: Orb of Zot
}: 3/15 runes: decaying, serpentine, slimy
a: Stomp, Renounce Religion


You were on level 4 of the Realm of Zot.
You worshipped Uskayaw.
Uskayaw was most pleased with you.
You were very full.

You visited 10 branches of the dungeon, and saw 51 of its levels.
You visited the Abyss 1 time.
You visited 1 bazaar.
You visited 1 ziggurat, and saw 5 of its levels.
You also visited: Ice Cave.

You collected 6250 gold pieces.
You spent 3365 gold pieces at shops.

Inventory:

Hand Weapons
 F - a +8 demon whip of freezing (weapon)
Armour
 a - a +0 shield (worn)
 h - the +2 pair of boots of Viac (worn) {rC+}
   (You acquired it on level 5 of the Depths)

   It protects you from cold.
 p - +10 storm dragon scales (worn)
 r - a scarf of resistance (worn)
 J - a +2 hat (worn)
Jewellery
 k - a +6 ring of evasion (right hand)
 n - a +2 ring of strength
 o - an uncursed ring of ice
 u - the ring of Korit {rF++ Str+4}
   (You found it on level 5 of the Pits of Slime)

   [ring of strength]

   It affects your strength (+4).
   It greatly protects you from fire.
 w - the ring of Humeng (left hand) {rF+ Slay+2 Stlth-}
   (You found it on level 5 of the Pits of Slime)

   [ring of loudness]

   It affects your accuracy and damage with ranged weapons and melee attacks
   (+2).
   It protects you from fire.
   It makes you less stealthy.
 x - an uncursed ring of flight
 y - the ring of Opetamn {rPois Int+4 Dex+3}
   (You bought it in a shop in a bazaar)

   [ring of poison resistance]

   It affects your intelligence (+4).
   It affects your dexterity (+3).
   It protects you from poison.
 A - an uncursed ring of resist corrosion
 I - an uncursed amulet of regeneration
 M - an uncursed ring of protection from magic
 R - the amulet "Xadoil" (around neck) {Spirit *Contam rElec rN+++ Int+4}
   (You found it on level 4 of the Realm of Zot)

   [amulet of guardian spirit]

   It causes incoming damage to be split between your health and magic.
   It affects your intelligence (+4).
   It insulates you from electricity.
   It renders you almost immune to negative energy.
   It causes magical contamination when unequipped.
Wands
 K - a wand of digging (14/24)
Scrolls
 c - 11 scrolls of identify
 e - 16 scrolls of remove curse
 f - 5 scrolls of fear
 j - 5 scrolls of amnesia
 l - 7 scrolls of teleportation
 m - 2 scrolls of enchant armour
 B - 6 scrolls of fog
 N - 3 scrolls of recharging
 Q - 2 scrolls of holy word
 W - 2 scrolls of silence
Potions
 d - a potion of cancellation
 g - 4 potions of agility
 i - a potion of invisibility
 q - a potion of haste
 v - 4 potions of magic
 z - 7 potions of mutation
 D - 5 potions of berserk rage
 H - a potion of might
 L - a potion of resistance
 S - 2 potions of ambrosia
 X - 9 potions of flight
Books
 b - a book of Spatial Translocations

   Spells                             Type                      Level
   a - Blink                          Translocation                2
   b - Shroud of Golubria             Charms/Translocation         2
   c - Lesser Beckoning               Translocation                3
   d - Gell's Gravitas                Translocation                3
   e - Teleport Other                 Translocation                3
   f - Passage of Golubria            Translocation                4
Comestibles
 s - 9 royal jellies
 E - 5 meat rations
 G - 19 fruits
 O - 9 bread rations


   Skills:
 + Level 22.8 Fighting
 + Level 23.2 Maces & Flails
   Level 2.3 Polearms
 + Level 23.0 Armour
 + Level 21.1 Dodging
 - Level 1.5 Stealth
 - Level 16.6 Shields
 - Level 1.3 Spellcasting
   Level 0.6 Conjurations
   Level 2.1 Poison Magic
 + Level 19.3 Invocations


You had 26 spell levels left.
You didn't know any spells.

Dungeon Overview and Level Annotations

Branches:
Dungeon (15/15)            Temple (1/1) D:6            Lair (6/6) D:11
  Swamp (4/4) Lair:3        Snake (4/4) Lair:3        Slime (5/5) Lair:6
    Orc (2/2) D:10            Elf (0/3) Orc:2        Vaults (4/5) D:13
  Crypt (0/3) Vaults:2     Depths (5/5) D:15            Zot (5/5) Depths:5

Altars:
Ashenzari
Cheibriados
Dithmenos
Elyvilon
Fedhas
Gozag
Hepliaklqana
Kikubaaqudgha
Makhleb
Nemelex Xobeh
Okawaru
Qazlal
Ru
Sif Muna
Trog
Uskayaw
Vehumet
Xom
Yredelemnul
Zin
The Shining One
Jiyva

Shops:
D:13 *   D:14 (   Orc:2 !%}(   Snake:1 =}=}   Snake:3 (   Vaults:3 *
Vaults:4 !   Depths:4 *

Portals:
Hell: Depths:1 Depths:2 Depths:3 Depths:4 Depths:5
Abyss: Depths:1 Depths:2 Depths:4
Pandemonium: Depths:1 Depths:3
Trove: Vaults:1 (give +4 shadow dragon scales)

Annotations:
D:4 Pikel
Depths:5 exclusions: 3 draconian stormcallers and 1 more exclusion


Innate Abilities, Weirdness & Mutations

You reflexively headbutt those who attack you in melee.
You have a pair of horns on your head.
You are clumsy. (Dex -2)
Your body sometimes deteriorates upon taking damage.
You are dopey. (Int -2)
You are resistant to hostile enchantments. (MR+)
You occasionally shout uncontrollably at your foes.
You are weak. (Str -2)


Message History

The Orb Guardian hits you!
* * * LOW HITPOINT WARNING * * *
Unknown command.
You feel better. You block the Orb Guardian's attack.
You feel you are being watched by something.
Something hits you but does no damage. Something misses you.
Something stings you but does no damage.
The Orb Guardian completely misses you.
Unknown command.
Okay, then.
Okay, then.
Okay, then.
Okay, then.
You feel better.
The Orb Guardian hits you but does no damage.
You feel you are being watched by something.
Something hits you but does no damage. Something closely misses you.
Something stings you but does no damage.
The Orb Guardian hits you!!!
You die...

#####..#'≈##..##..#####[.####..
*####+≈.≈##....##≈.≈##'[####.
*#..##≈.§.≈##..##≈.≈.###..###.
##....##≈.≈[≈####≈.≈.≈##....###
##......##§.≈.≈##≈.≈.≈##..#...##
##........##≈.≈'###≈.≈##..#....[#
#....#.....##≈)#.|##≈##.....#.#..
.......#....###.>X)###....#.[.[#^
....#.......###.@_.###..#....#[..
#.).).#....##≈##){##≈##..#.#..)..
##........##≈§§####≈.≈##....[#[.#
##......##≈.§.§##≈.≈.≈##...#..##
##.)..##≈.≈.≈####≈.≈.≈##....##
##.)###.≈.≈##..##≈.≈.###..##
##''##§.≈##....##≈.≈##''##
***##..#####..#...#####..##***
**,,*##..###....#...###..##*,,**


You could see an Orb Guardian (berserk).

Vanquished Creatures
  the Royal Jelly (Slime:5)
  Dissolution (Slime:1)
  4 orbs of fire
  5 ancient liches
  2 juggernauts
  Bai Suzhen (Snake:3)
  Xtahua (Depths:4)
  Margery (Depths:5)
  A curse toe (Zot:5)
  5 Killer Klowns (Zot:5)
  5 golden dragons
  3 electric golems (Zot:5)
  Jorgrun (Depths:1)
  An iron giant (Zot:4)
  9 tentacled monstrosities
  6 liches
  17 Orb Guardians (Zot:5)
  14 acid blobs
  A titan (shapeshifter) (Depths:1)
  4 death cobs
  4 sphinxes
  2 thorn hunters
  6 storm dragons
  Frances (D:14)
  8 tengu reavers
  18 nagarajas
  2 shadow dragons
  11 draconian monks
  6 azure jellies
  3 fire giants
  A draconian knight (Zot:5)
  11 frost giants
  A draconian scorcher (Depths:5)
  An orc warlord (Vaults:4)
  8 vault wardens
  A deep elf sorcerer (Vaults:4)
  A deep elf elementalist (Zig:2)
  5 ghost moths
  An iron dragon (Zot:4)
  Aizul (Depths:2)
  A balrug (Depths:2)
  2 draconian stormcallers (Zot:5)
  A draconian annihilator (Zot:4)
  A draconian shifter (Zot:5)
  2 war gargoyles (Vaults:1)
  A caustic shrike skeleton (Depths:2)
  A spriggan defender (Depths:4)
  22 stone giants
  13 ironheart preservers
  21 very ugly things
  8 black draconians
  2 deep elf annihilators (Vaults:2)
  A vampire knight (Depths:2)
  2 entropy weavers
  3 deep elf demonologists
  7 red draconians
  5 yellow draconians
  6 white draconians
  3 spark wasps
  The ghost of skittles the Arsonist, a journeyman DrFE of Vehumet (D:12)
  4 purple draconians
  A blizzard demon (Abyss:3)
  7 ettins
  A merfolk javelineer (Zig:1)
  A merfolk impaler (Depths:5)
  A deep elf high priest (Vaults:2)
  7 death oozes
  16 fire dragons
  Fannar (Lair:2)
  11 great orbs of eyes
  9 ogre magi
  10 yaktaur captains
  9 vault guards
  2 rakshasas (Depths:4)
  An ice dragon (shapeshifter) (Depths:5)
  5 spriggan air magi
  19 ice dragons
  22 hydras
  30 naga warriors
  12 anacondas
  5 catoblepae
  28 two-headed ogres
  A hell beast (Depths:3)
  2 death knights
  A ghost crab (Swamp:2)
  3 alligators
  4 dancing weapons (Zot:4)
  Erica (Orc:1)
  11 death yaks (Lair:6)
  11 centaur warriors
  4 vampire magi
  A tengu warrior (Depths:4)
  A thrashing horror (Abyss:3)
  12 deep troll shamans
  A queen ant (shapeshifter) (Vaults:2)
  21 naga sharpshooters
  Urug (Lair:5)
  17 deep troll earth magi
  6 shock serpents
  8 spriggan berserkers
  6 deep elf knights
  6 orc high priests
  A shock serpent (shapeshifter) (Depths:4)
  A fire crab (shapeshifter) (Vaults:3)
  A wretched star (Abyss:3)
  A sun demon (Abyss:3)
  A storm dragon zombie (Depths:4)
  Sonja (D:13)
  A shadow wraith (Vaults:4)
  3 sea snakes (Snake:3)
  5 iron trolls
  3 salamander mystics
  4 hell knights (Depths:5)
  6 skeletal warriors
  A storm dragon skeleton (Depths:4)
  3 unseen horrors
  2 flayed ghosts (Depths:4)
  3 spriggan druids
  5 wizards
  An obsidian statue (Zig:5)
  11 naga ritualists
  8 starcursed masses (Abyss:3)
  54 deep trolls
  16 ironbrand convokers
  11 swamp dragons
  A glowing orange brain (shapeshifter) (Depths:4)
  A harpy (shapeshifter) (Vaults:3)
  A phantasmal warrior (Vaults:3)
  6 glowing orange brains
  4 shambling mangroves
  A golden dragon skeleton (Depths:4)
  2 deep elf archers (Vaults:4)
  11 deep elf magi
  6 mana vipers
  9 necromancers
  A mana viper (shapeshifter) (Vaults:1)
  A stone giant zombie (Vaults:4)
  7 orc sorcerers
  A sphinx zombie (D:15)
  A tengu skeleton (Depths:4)
  20 orc knights
  2 frost giant zombies
  9 salamanders
  A wolf spider (shapeshifter) (Depths:4)
  2 shining eyes
  38 ugly things
  A worldbinder (Abyss:3)
  10 cyclopes
  3 wolf spiders
  9 moths of wrath
  3 elephants (Lair:6)
  10 guardian serpents
  2 manticores (Lair:6)
  A rust devil (Depths:3)
  12 vault sentinels
  2 eyes of devastation (Slime:5)
  A fire giant skeleton (Vaults:2)
  A guardian serpent (shapeshifter) (Vaults:1)
  A frost giant skeleton (Vaults:4)
  37 black mambas
  8 centaur skeletons
  16 spiny frogs
  14 naga magi
  13 komodo dragons
  5 spectral swamp worms (Depths:5)
  A yaktaur (shapeshifter) (Vaults:1)
  5 freezing wraiths
  2 storm dragon simulacra
  31 yaktaurs
  A yaktaur zombie (Vaults:2)
  An ancient zyme (Abyss:3)
  2 efreet
  2 queen bees (shapeshifter)
  2 tengu conjurers (Depths:4)
  2 hellwings
  A polar bear (Lair:6)
  A polar bear (shapeshifter) (Vaults:2)
  2 merfolk (Zig:1)
  6 trolls
  A troll (shapeshifter) (Vaults:2)
  A spriggan skeleton (D:15)
  A raiju (shapeshifter) (Vaults:3)
  8 tyrant leeches
  A wind drake (Zig:1)
  24 hornets
  12 blink frogs
  8 bog bodies
  7 dream sheep (Lair:4)
  6 hippogriffs
  5 raiju (Abyss:3)
  54 slime creatures
  A hippogriff (shapeshifter) (Vaults:1)
  6 flying skulls (Depths:3)
  9 spriggans
  2 shadows (Swamp:3)
  4 air elementals (Depths:3)
  2 wyverns
  A vampire (D:13)
  A human (D:7)
  A wraith (D:13)
  2 basilisks (D:15)
  6 fire bats
  3 fire elementals (Depths:3)
  2 humans (shapeshifter)
  40 yaks
  4 hogs (D:7)
  A golden eye (Zig:2)
  3 large abominations (Abyss:3)
  7 water elementals
  17 vampire mosquitoes
  2 basilisks (shapeshifter)
  2 yaktaur simulacra
  5 small abominations
  3 hungry ghosts
  6 wargs
  5 neqoxecs
  21 swamp worms
  68 nagas
  15 insubstantial wisps
  A tengu zombie (D:15)
  2 acid dragons
  A hell hound (Depths:3)
  Duvessa (D:7)
  6 porcupines
  A soldier ant (shapeshifter) (Vaults:4)
  Edmund (D:4)
  11 water moccasins
  3 floating eyes
  2 black bears
  56 orc warriors
  An ice beast (shapeshifter) (Vaults:2)
  8 ice beasts (Lair:1)
  3 slaves (D:4)
  2 black bears (shapeshifter)
  2 eyes of draining (shapeshifter)
  20 swamp drakes
  17 ogres
  3 sky beasts
  2 necrophages (D:9)
  18 boggarts
  An eye of draining (D:14)
  9 wolves
  21 centaurs
  12 crocodiles
  2 human zombies
  9 bullfrogs
  2 glowing shapeshifter simulacra
  A human skeleton (Vaults:2)
  An earth elemental (Abyss:3)
  7 scorpions
  17 killer bees
  2 wyvern skeletons
  Dowan (D:7)
  5 howler monkeys
  5 wights (D:6)
  An electric eel (Lair:5)
  10 crimson imps
  2 quasits
  A bullfrog zombie (D:9)
  4 centaur zombies
  A bullfrog skeleton (D:11)
  4 jellies
  6 hounds
  26 orc priests
  17 orc wizards
  Ijyb (D:5)
  8 iguanas
  14 worker ants
  A hound zombie (D:7)
  A hound skeleton (D:6)
  8 gnolls
  18 adders
  5 shadow imps
  A white imp (Abyss:3)
  An ooze (D:3)
  2 adder skeletons
  3 worms
  3 leopard geckos
  106 orcs
  2 ball pythons (D:3)
  6 giant cockroaches
  6 goblins
  5 hobgoblins
  5 jackals
  10 kobolds
  8 quokkas
  8 bats
  4 frilled lizards
  A giant cockroach zombie (D:5)
  2 jackal skeletons
  A leopard gecko skeleton (D:6)
  A quokka zombie (D:5)
  6 rats
  3 briar patches (Swamp:4)
  3 crawling corpses (Vaults:2)
  8 plants
2020 creatures vanquished.

Vanquished Creatures (collateral kills)
  An acid blob (Slime:5)
  2 azure jellies (Slime:5)
  A great orb of eyes (Slime:5)
4 creatures vanquished.

Vanquished Creatures (others)
  A storm dragon (Zot:4)
  A draconian monk (Zot:4)
  2 ghost moths (Zot:4)
  An ironheart preserver (Vaults:1)
  An ogre mage (Vaults:1)
  2 two-headed ogres (Vaults:1)
  A blink frog (Swamp:4)
  A chaos spawn (Abyss:3)
  2 vampire mosquitoes
  2 ogres (Vaults:1)
  A boggart (Depths:1)
  2 fungi (Lair:4)
  4 plants
21 creatures vanquished.

Grand Total: 2045 creatures vanquished

Notes
Turn   | Place    | Note
-------+----------+-------------------------------------------
     0 | D:1      | MDvedh the Minotaur Venom Mage began the quest for the Orb.
     0 | D:1      | Reached XP level 1. HP: 14/14 MP: 1/1
   539 | D:1      | Reached skill level 1 in Armour
   635 | D:1      | Reached skill level 1 in Fighting
   809 | D:1      | Reached XP level 2. HP: 20/23 MP: 3/3
  1267 | D:2      | Found a sacrificial altar of Ru.
  1281 | D:2      | Reached XP level 3. HP: 16/30 MP: 4/4
  1832 | D:2      | Reached XP level 4. HP: 20/38 MP: 5/5
  2109 | D:2      | Reached skill level 1 in Polearms
  2463 | D:3      | Found a white marble altar of Elyvilon.
  2537 | D:3      | Reached skill level 1 in Maces & Flails
  2609 | D:3      | Reached XP level 5. HP: 31/45 MP: 6/6
  3044 | D:3      | Found a glowing silver altar of Zin.
  3102 | D:3      | Found a blossoming altar of Fedhas.
  3104 | D:3      | Found an ancient bone altar of Kikubaaqudgha.
  3965 | D:4      | Reached XP level 6. HP: 44/51 MP: 7/7
  3975 | D:4      | Reached skill level 5 in Maces & Flails
  4200 | D:4      | Noticed a slave
  4201 | D:4      | Noticed a slave
  4207 | D:4      | Noticed Pikel
  4232 | D:4      | Killed a slave
  4515 | D:4      | Noticed a slave
  4520 | D:4      | Noticed a slave
  4524 | D:4      | Killed a slave
  4533 | D:4      | Killed a slave
  4699 | D:4      | Noticed Edmund
  4749 | D:4      | Killed Edmund
  4978 | D:5      | Entered Level 5 of the Dungeon
  5024 | D:5      | Reached XP level 7. HP: 55/57 MP: 8/8
  5190 | D:5      | Noticed Ijyb
  5211 | D:5      | Killed Ijyb
  5513 | D:5      | Found a shimmering altar of Xom.
  5975 | D:6      | Reached XP level 8. HP: 63/63 MP: 9/9
  5987 | D:6      | Reached skill level 10 in Maces & Flails
  6174 | D:6      | Noticed a moth of wrath
  6176 | D:6      | Found a bloodstained altar of Trog.
  6377 | D:6      | Found a burning altar of Makhleb.
  6528 | D:6      | Found a staircase to the Ecumenical Temple.
  6925 | Temple   | Entered the Ecumenical Temple
  7139 | Temple   | Became a worshipper of Uskayaw the Reveler
  7226 | D:6      | Reached * piety under Uskayaw
  7301 | D:6      | Found an opulent altar of Gozag.
  7548 | D:6      | Reached ** piety under Uskayaw
  7711 | D:7      | Reached *** piety under Uskayaw
  7748 | D:7      | Found a shimmering altar of Xom.
  7749 | D:7      | Found a hazy altar of Hepliaklqana.
  7750 | D:7      | Noticed a spectral ugly thing
  7804 | D:7      | Noticed Dowan
  7805 | D:7      | Noticed Duvessa
  7820 | D:7      | Reached **** piety under Uskayaw
  7833 | D:7      | Killed Dowan
  7851 | D:7      | Killed Duvessa
  7851 | D:7      | Reached XP level 9. HP: 18/70 MP: 10/10
  8371 | D:7      | Found a shimmering altar of Xom.
  8371 | D:7      | Noticed a deep elf mage
  8382 | D:7      | Killed a deep elf mage
  8694 | D:7      | Reached ***** piety under Uskayaw
  9313 | D:8      | Noticed a two-headed ogre
  9326 | D:8      | Killed a two-headed ogre
  9326 | D:8      | Reached skill level 1 in Invocations
  9326 | D:8      | Reached XP level 10. HP: 52/78 MP: 11/11
 10142 | D:9      | Identified a scroll of acquirement
 10175 | D:9      | Reached skill level 5 in Fighting
 10215 | D:9      | Noticed a two-headed ogre
 10462 | D:9      | Killed a two-headed ogre
 10462 | D:9      | Reached skill level 5 in Armour
 10498 | D:9      | Reached skill level 5 in Dodging
 10974 | D:10     | Entered Level 10 of the Dungeon
 11067 | D:10     | Found a staircase to the Orcish Mines.
 11373 | D:10     | Noticed a deep elf mage
 11387 | D:10     | Killed a deep elf mage
 11650 | D:11     | Reached XP level 11. HP: 91/91 MP: 13/13
 11660 | D:11     | Found a staircase to the Lair.
 11687 | D:11     | Noticed an eight-headed hydra
 11699 | D:11     | Killed an eight-headed hydra
 11699 | D:11     | Reached skill level 5 in Invocations
 12004 | D:11     | Noticed a cyan ugly thing
 12022 | D:11     | Killed a cyan ugly thing
 12072 | D:11     | Noticed a two-headed ogre
 12087 | D:11     | Killed a two-headed ogre
 12302 | D:11     | Killed an unseen horror
 13163 | Lair:1   | Entered Level 1 of the Lair of Beasts
 13248 | Lair:1   | Found a frozen archway.
 13291 | Lair:1   | Reached ****** piety under Uskayaw
 13344 | IceCv    | Entered an ice cave
 13344 | IceCv    | Noticed a white ugly thing
 13690 | Lair:1   | Noticed an eight-headed hydra
 13703 | Lair:1   | Killed an eight-headed hydra
 14141 | Lair:2   | Noticed Fannar
 14178 | Lair:2   | Killed Fannar
 14447 | Lair:2   | Noticed an eight-headed hydra
 14457 | Lair:2   | Killed an eight-headed hydra
 14457 | Lair:2   | Reached XP level 12. HP: 52/103 MP: 16/16
 16313 | Lair:3   | Noticed a five-headed hydra
 16339 | Lair:3   | Killed a five-headed hydra
 16533 | Lair:3   | Found a staircase to the Swamp.
 16696 | Lair:3   | Found a staircase to the Snake Pit.
 16771 | Lair:3   | Reached skill level 10 in Fighting
 17437 | Lair:4   | Reached skill level 10 in Armour
 17594 | Lair:4   | Noticed a four-headed hydra
 17794 | Lair:4   | Killed a four-headed hydra
 18238 | Lair:4   | Reached XP level 13. HP: 98/114 MP: 18/18
 18457 | Lair:5   | Reached skill level 10 in Dodging
 18597 | Lair:5   | Noticed Urug
 18614 | Lair:5   | Killed Urug
 19415 | Lair:6   | Entered Level 6 of the Lair of Beasts
 19517 | Lair:6   | Found a staircase to the Slime Pits.
 19857 | Lair:6   | Reached skill level 10 in Invocations
 20096 | Lair:6   | Reached XP level 14. HP: 80/127 MP: 20/20
 21068 | D:12     | Found a radiant altar of Vehumet.
 21193 | D:12     | Gained mutation: You are agile. (Dex +2) [mutagenic meat]
 21194 | D:12     | Gained mutation: Your movements are slightly less encumbered by armour. (ER -2) [mutagenic meat]
 21350 | D:12     | Noticed skittles's ghost (journeyman DrFE)
 21375 | D:12     | Killed skittles's ghost
 21532 | D:12     | Got a heavily runed cloak
 21551 | D:12     | Identified the +2 cloak "Rucsydgha" {rN+++ Regen+ Dex+2 Slay-4} (You found it on level 12 of the Dungeon)
 21918 | D:13     | Noticed Sonja
 22267 | D:13     | Found a gate to the Vaults.
 22295 | D:13     | Killed Sonja
 22490 | D:13     | Found Gageuf's Serpentskin Sales.
 22784 | D:14     | Found Uqiwka's Weapon Shop.
 22884 | D:14     | Found a glowing golden altar of the Shining One.
 22924 | D:14     | Noticed Frances
 22939 | D:14     | Killed Frances
 23405 | D:15     | Entered Level 15 of the Dungeon
 23928 | Swamp:1  | Entered Level 1 of the Swamp
 24089 | Orc:1    | Entered Level 1 of the Orcish Mines
 24149 | Orc:1    | Reached skill level 1 in Shields
 24266 | Orc:2    | Entered Level 2 of the Orcish Mines
 24643 | Orc:2    | Found a staircase to the Elven Halls.
 24991 | Orc:2    | Reached XP level 15. HP: 114/137 MP: 22/22
 25119 | Orc:2    | Found Wizol's Gadget Shop.
 25150 | Orc:2    | HP: 3/137 [orc high priest/divine providence (16)]
 25441 | Orc:2    | Found Bamehin's Antique Weapon Shop.
 25822 | Orc:2    | Found Xiemet's Food Shoppe.
 25828 | Orc:2    | Found Pimeamp's Distillery.
 25836 | Orc:2    | Bought a potion of heal wounds for 70 gold pieces
 25836 | Orc:2    | Bought a potion of heal wounds for 70 gold pieces
 25836 | Orc:2    | Bought a potion of heal wounds for 70 gold pieces
 25836 | Orc:2    | Bought a potion of curing for 42 gold pieces
 25836 | Orc:2    | Bought a potion of might for 56 gold pieces
 25836 | Orc:2    | Bought a potion of curing for 42 gold pieces
 26104 | Orc:1    | Noticed Erica
 26122 | Orc:1    | Killed Erica
 26431 | Swamp:1  | Reached skill level 5 in Shields
 27075 | Swamp:2  | Reached skill level 15 in Maces & Flails
 28781 | Swamp:3  | Noticed a thorn hunter
 29101 | Swamp:4  | Entered Level 4 of the Swamp
 29293 | Swamp:4  | Reached XP level 16. HP: 113/147 MP: 14/24
 29303 | Swamp:4  | Noticed a thorn hunter
 29319 | Swamp:4  | Killed a thorn hunter
 29634 | Swamp:4  | Got a decaying rune of Zot
 29768 | Snake:1  | Entered Level 1 of the Snake Pit
 30216 | Snake:1  | Found Pipeanot's Gadget Shop.
 30546 | Snake:1  | Reached skill level 15 in Fighting
 30866 | Snake:1  | Reached skill level 10 in Shields
 31000 | Snake:1  | Found an opulent altar of Gozag.
 31080 | Snake:1  | Found Jaro's Jewellery Shoppe.
 31082 | Snake:1  | Found Delef's Gadget Shop.
 31083 | Snake:1  | Found Siexuczoe's Jewellery Shoppe.
 31088 | Snake:1  | Bought a +6 ring of evasion for 936 gold pieces
 31207 | Snake:2  | Reached skill level 15 in Armour
 32645 | Snake:3  | Found Itwoidi's Antique Weapon Boutique.
 32665 | Snake:3  | Found Vopuavam's Distillery.
 32702 | Snake:3  | Bought 2 potions of heal wounds for 160 gold pieces
 32702 | Snake:3  | Bought a potion of mutation for 128 gold pieces
 32702 | Snake:3  | Bought a potion of heal wounds for 80 gold pieces
 32702 | Snake:3  | Bought a potion of haste for 160 gold pieces
 32702 | Snake:3  | Bought a potion of agility for 64 gold pieces
 32702 | Snake:3  | Bought a potion of curing for 48 gold pieces
 32702 | Snake:3  | Bought 2 potions of curing for 96 gold pieces
 32702 | Snake:3  | Bought a potion of might for 64 gold pieces
 32702 | Snake:3  | Bought a potion of might for 64 gold pieces
 32716 | Snake:3  | Reached XP level 17. HP: 145/156 MP: 25/25
 33022 | Snake:3  | Found an opulent altar of Gozag.
 33390 | Snake:3  | Noticed Bai Suzhen
 33430 | Snake:3  | Killed Bai Suzhen
 33430 | Snake:3  | Reached skill level 15 in Shields
 33606 | Snake:4  | Entered Level 4 of the Snake Pit
 34775 | Snake:4  | Reached XP level 18. HP: 160/163 MP: 26/26
 34844 | Snake:4  | Cast into level 2 of the Abyss (naga warrior)
 34871 | Abyss:3  | Found a corrupted altar of Lugonu.
 34918 | Abyss:3  | Gained mutation: You occasionally shout uncontrollably at your foes. [a neqoxec]
 34919 | Abyss:3  | Gained mutation: You are dopey. (Int -2) [a neqoxec]
 34975 | Abyss:3  | Paralysed by accursed screaming for 2 turns
 34979 | Abyss:3  | Paralysed by accursed screaming for 2 turns
 35073 | Abyss:3  | Noticed a Hell Sentinel
 35349 | Snake:4  | Escaped the Abyss
 36117 | Snake:4  | Got a serpentine rune of Zot
 36201 | Snake:4  | Reached skill level 15 in Dodging
 36452 | Vaults:1 | Entered Level 1 of the Vaults
 37036 | Vaults:1 | Reached XP level 19. HP: 160/174 MP: 28/28
 37076 | Vaults:1 | Found a portal to a secret trove of treasure.
 37613 | Vaults:1 | Found a flickering gateway to a bazaar.
 37625 | Bazaar   | Entered a bazaar
 37629 | Bazaar   | Found Bukk's General Store.
 37647 | Bazaar   | Found Ceen Keo's Antique Armour Emporium.
 37664 | Bazaar   | Found Sotwon's Book Boutique.
 37681 | Bazaar   | Found Pighups's Antique Weapon Shoppe.
 37703 | Bazaar   | Bought the ring of Opetamn {rPois Int+4 Dex+3} for 291 gold pieces
 37932 | Vaults:2 | HP: 1/177 [vault warden/great sword of freezing (9)]
 38176 | Vaults:2 | Paralysed by a great orb of eyes for 5 turns
 38249 | Vaults:2 | Got a scorched scale mail
 38264 | Vaults:2 | Identified the +6 scale mail "Lucs" {Str+4} (You found it on level 2 of the Vaults)
 39018 | Vaults:2 | Found a staircase to the Crypt.
 39204 | Vaults:2 | Found a shimmering altar of Xom.
 39589 | Vaults:2 | Identified Dayxabau's Almanac of Ashen Translocation
 39853 | Vaults:3 | Reached XP level 20. HP: 175/187 MP: 29/29
 40063 | Vaults:3 | Got a translucent ring mail
 40074 | Vaults:3 | Identified the +4 ring mail "Ciumoqeg" {rElec rCorr} (You found it on level 3 of the Vaults)
 40197 | Vaults:3 | Lost mutation: You occasionally shout uncontrollably at your foes. [potion of mutation]
 40197 | Vaults:3 | Lost mutation: You are dopey. (Int -2) [potion of mutation]
 40197 | Vaults:3 | Lost mutation: Your movements are slightly less encumbered by armour. (ER -2) [potion of mutation]
 40197 | Vaults:3 | Gained mutation: You are occasionally teleported next to monsters. [potion of mutation]
 40197 | Vaults:3 | Gained mutation: You possess an exceptional clarity of mind. [potion of mutation]
 40198 | Vaults:3 | Lost mutation: You possess an exceptional clarity of mind. [potion of mutation]
 40198 | Vaults:3 | Lost mutation: You are agile. (Dex +2) [potion of mutation]
 40198 | Vaults:3 | Lost mutation: You are occasionally teleported next to monsters. [potion of mutation]
 40198 | Vaults:3 | Gained mutation: Scrolls take you a little longer to read. [potion of mutation]
 40198 | Vaults:3 | Gained mutation: Your spells are a little harder to cast, but a little more powerful. [potion of mutation]
 40198 | Vaults:3 | Gained mutation: You are robust. (+10% HP) [potion of mutation]
 40199 | Vaults:3 | Lost mutation: Scrolls take you a little longer to read. [potion of mutation]
 40199 | Vaults:3 | Lost mutation: Your spells are a little harder to cast, but a little more powerful. [potion of mutation]
 40199 | Vaults:3 | Gained mutation: You have a beak for a mouth. [potion of mutation]
 40199 | Vaults:3 | Gained mutation: You are partially covered in large bone plates. (SH +4) [potion of mutation]
 40199 | Vaults:3 | Gained mutation: You are partially covered in rugged brown scales. (AC +1, +3% HP) [potion of mutation]
 40455 | Vaults:3 | Found Oheahol's General Store.
 41073 | Vaults:4 | Found Nuahy's Distillery.
 41079 | Vaults:4 | Bought 2 potions of mutation for 272 gold pieces
 41079 | Vaults:4 | Bought a potion of mutation for 136 gold pieces
 41079 | Vaults:4 | Bought a potion of curing for 51 gold pieces
 41079 | Vaults:4 | Bought a potion of heal wounds for 85 gold pieces
 41079 | Vaults:4 | Bought a potion of agility for 68 gold pieces
 41906 | Vaults:4 | Reached skill level 15 in Invocations
 42661 | D:15     | Found a staircase to the Depths.
 43340 | Depths:1 | Entered Level 1 of the Depths
 43376 | Depths:1 | Noticed Jorgrun
 43390 | Depths:1 | Killed Jorgrun
 43424 | Depths:1 | Found a one-way gate to the infinite horrors of the Abyss.
 43467 | Depths:1 | Found a one-way gate leading to the halls of Pandemonium.
 43560 | Depths:1 | Reached XP level 21. HP: 163/220 MP: 31/31
 43843 | Depths:1 | Found a gateway to Hell.
 44253 | Depths:1 | Found a bloodstained altar of Trog.
 44836 | Depths:2 | Noticed a golden dragon
 44858 | Depths:2 | Killed a golden dragon
 45520 | Depths:2 | Got an encrusted chain mail
 45531 | Depths:2 | Identified the +3 chain mail "Gynefroy" {Str+4} (You found it on level 2 of the Depths)
 45737 | Depths:2 | Noticed Aizul
 45784 | Depths:2 | Killed Aizul
 46179 | Depths:2 | Got a scorched cloak
 46190 | Depths:2 | Identified the +0 cloak of Duck's Teeth {-Tele rElec rPois SInv} (You acquired it on level 2 of the Depths)
 46863 | Depths:3 | Reached XP level 22. HP: 214/232 MP: 33/33
 46996 | Depths:3 | Found a gateway to a ziggurat.
 47642 | Depths:3 | Identified the Reference Book on Unholy Rites
 47905 | Zig:1    | Entered Level 1 of a ziggurat
 47944 | Zig:2    | Entered Level 2 of a ziggurat
 47972 | Zig:2    | Identified Huozeol's Reference Book on Transformation
 47990 | Zig:3    | Entered Level 3 of a ziggurat
 48025 | Zig:4    | Entered Level 4 of a ziggurat
 48029 | Zig:4    | Noticed an orb of fire
 48064 | Zig:4    | Killed an orb of fire
 48113 | Zig:5    | Entered Level 5 of a ziggurat
 48515 | Depths:4 | Noticed a juggernaut
 48516 | Depths:4 | Killed a juggernaut
 49357 | Depths:4 | Reached XP level 23. HP: 225/245 MP: 34/34
 49418 | Depths:4 | Noticed Xtahua
 49427 | Depths:4 | Killed Xtahua
 50030 | Depths:4 | Found Aneghuf's General Store.
 50131 | Depths:5 | Entered Level 5 of the Depths
 50183 | Depths:5 | Found a shattered altar of Ashenzari.
 50291 | Depths:5 | Noticed a juggernaut
 50301 | Depths:5 | Killed a juggernaut
 50459 | Depths:5 | Found a gate to the Realm of Zot.
 50594 | Depths:5 | Noticed Margery
 50609 | Depths:5 | Killed Margery
 50722 | Depths:5 | Got a pair of heavily runed boots
 50733 | Depths:5 | Identified the +2 pair of boots of Viac {rC+} (You acquired it on level 5 of the Depths)
 51897 | Slime:1  | Entered Level 1 of the Pits of Slime
 51943 | Slime:1  | Gained mutation: Your body sometimes deteriorates upon taking damage. [a shining eye]
 51949 | Slime:1  | Lost mutation: You are robust. (+10% HP) [a shining eye]
 51977 | Slime:2  | Noticed Dissolution
 51992 | Slime:1  | Killed Dissolution
 52137 | Slime:2  | Gained mutation: You have a pair of large horns on your head. [a shining eye]
 52194 | Slime:5  | Entered Level 5 of the Pits of Slime
 52290 | Slime:5  | Noticed the Royal Jelly
 52290 | Slime:5  | Found a viscous altar of Jiyva.
 52307 | Slime:5  | Killed the Royal Jelly
 52307 | Slime:5  | Reached XP level 24. HP: 215/234 MP: 31/34
 52720 | Slime:5  | Got a slimy rune of Zot
 52734 | Slime:5  | Got a vibrating brass ring
 52772 | Slime:5  | Got a sparkling lapis lazuli ring
 52777 | Slime:5  | Identified the Disquisition on Entrancing Moulding
 52820 | Slime:5  | Identified the ring of Korit {rF++ Str+4} (You found it on level 5 of the Pits of Slime)
 52821 | Slime:5  | Identified the ring of Humeng {rF+ Slay+2 Stlth-} (You found it on level 5 of the Pits of Slime)
 53211 | Depths:2 | Lost mutation: You have a pair of large horns on your head. [potion of mutation]
 53211 | Depths:2 | Lost mutation: You are partially covered in rugged brown scales. (AC +1, +3% HP) [potion of mutation]
 53211 | Depths:2 | Lost mutation: You are partially covered in large bone plates. (SH +4) [potion of mutation]
 53211 | Depths:2 | Lost mutation: Your body sometimes deteriorates upon taking damage. [potion of mutation]
 53211 | Depths:2 | Lost mutation: You have a beak for a mouth. [potion of mutation]
 53211 | Depths:2 | Gained mutation: Your body sometimes deteriorates upon taking damage. [potion of mutation]
 53211 | Depths:2 | Gained mutation: You are agile. (Dex +2) [potion of mutation]
 53211 | Depths:2 | Gained mutation: You are resistant to hostile enchantments. (MR+) [potion of mutation]
 53306 | Zot:1    | Entered Level 1 of the Realm of Zot
 53756 | Snake:1  | Bought a wand of digging (8/24) for 312 gold pieces
 54608 | Zot:4    | Found a large runed door.
 54610 | Zot:4    | Found a large runed door.
 55214 | Zot:4    | Found a stormy altar of Qazlal.
 55215 | Zot:4    | Noticed an ancient lich
 55225 | Zot:4    | Killed an ancient lich
 55257 | Zot:4    | Got a coiled bronze amulet
 55258 | Zot:4    | Identified the amulet "Xadoil" {Spirit *Contam rElec rN+++ Int+4} (You found it on level 4 of the Realm of Zot)
 55405 | Zot:5    | Entered Level 5 of the Realm of Zot
 55713 | Zot:5    | Noticed an ancient lich
 55732 | Zot:5    | Killed an ancient lich
 55732 | Zot:5    | Reached XP level 25. HP: 198/238 MP: 30/35
 55797 | Zot:5    | Noticed an orb of fire
 55799 | Zot:5    | Noticed an orb of fire
 55807 | Zot:5    | Lost mutation: You are agile. (Dex +2) [an orb of fire]
 55809 | Zot:5    | Gained mutation: You are dopey. (Int -2) [an orb of fire]
 55810 | Zot:5    | Killed an orb of fire
 55812 | Zot:5    | Killed an orb of fire
 56165 | Zot:5    | Noticed an ancient lich
 56170 | Zot:5    | Paralysed by an ancient lich for 4 turns
 56187 | Zot:5    | Killed an ancient lich
 56208 | Zot:5    | Noticed an ancient lich
 56621 | Zot:5    | Killed an ancient lich
 56696 | Zot:5    | Noticed an orb of fire
 56700 | Zot:5    | Gained mutation: You are weak. (Str -2) [an orb of fire]
 56727 | Zot:5    | Killed an orb of fire
 57314 | Zot:5    | Noticed an ancient lich
 57317 | Zot:5    | Killed an ancient lich
 57437 | Zot:5    | Got the Orb of Zot
 57469 | Zot:5    | Gained mutation: You occasionally shout uncontrollably at your foes. [a neqoxec]
 57474 | Zot:5    | Gained mutation: You are clumsy. (Dex -2) [a neqoxec]
 57514 | Zot:4    | Mangled by an Orb Guardian

Skill      XL: |  1  2  3  4  5  6  7  8  9 10 11 12 13 14 15 16 17 18 19 20 21 22 23 24 25 |
---------------+----------------------------------------------------------------------------+-----
Armour         | 1 2 3 6 8 10 12 13 14 15 16 17 18 19 20 21 22 23 | 23.0
Fighting       | 1 2 3 4 6 8 10 12 13 14 15 16 17 18 19 20 21 22 | 22.8
Polearms       | 2 |  2.3
Maces & Flails | 2 4 6 9 12 14 15 16 17 18 19 20 21 22 23 | 23.2
Dodging        | 3 5 8 9 11 12 13 14 15 16 17 18 19 20 21 | 21.1
Invocations    | 1 4 7 8 10 11 12 13 14 15 16 17 18 19 | 19.3
Shields        | 3 8 12 16 | 16.6
Stealth        | |  1.5
Spellcasting   | |  1.3
Conjurations   | |  0.6
Poison Magic   | |  2.1

Action                   |  1- 3 |  4- 6 |  7- 9 | 10-12 | 13-15 | 16-18 | 19-21 | 22-24 | 25-27 || total
-------------------------+-------+-------+-------+-------+-------+-------+-------+-------+-------++-------
Melee: Club              |    10 |       |       |       |       |       |       |       |       ||    10
       Unarmed           |     6 |       |       |       |       |       |       |       |       ||     6
       Dagger            |    28 |       |       |       |       |       |       |       |       ||    28
       Headbutt          |    12 |    37 |    59 |   164 |   357 |   337 |   483 |   413 |    85 ||  1947
       Spear             |    56 |    24 |       |       |       |       |       |       |       ||    80
       Flail             |       |   201 |       |       |       |       |       |       |       ||   201
       Dire flail        |       |    21 |   396 |   115 |       |       |       |       |       ||   532
       Demon whip        |       |       |       |   757 |  1592 |  1564 |  1713 |  1480 |   361 ||  7467
       Peck              |       |       |       |       |       |       |   275 |   300 |       ||   575
 Cast: Sting             |     1 |       |       |       |       |       |       |       |       ||     1
Invok: Grand Finale      |       |       |       |       |     1 |       |     1 |     3 |     2 ||     7
       Stomp             |       |       |       |       |    11 |    36 |    35 |    17 |    13 ||   112
Evoke: Wand              |       |       |       |       |     4 |       |       |     6 |       ||    10
  Use: Scroll            |       |    14 |     4 |     6 |    23 |     5 |     8 |    30 |     2 ||    92
       Potion            |       |       |       |       |     7 |    11 |    11 |    10 |    12 ||    51
 Stab: Sleeping          |     1 |       |       |       |       |       |       |       |       ||     1
       Paralysed         |       |       |     6 |    54 |   128 |   173 |   197 |   228 |    28 ||   814
       Petrified         |       |       |       |       |     7 |       |       |     4 |       ||    11
       Petrifying        |       |       |       |       |     1 |       |       |       |       ||     1
       Confused          |       |       |       |       |     1 |     1 |       |       |       ||     2
  Eat: Chunk             |     2 |    11 |     5 |    10 |    14 |     4 |    10 |     9 |       ||    65
       Bread ration      |       |       |     2 |     4 |     6 |     4 |     1 |       |       ||    17
       Royal jelly       |       |       |       |     2 |       |     2 |     2 |     4 |       ||    10
       Meat ration       |       |       |       |       |     1 |     1 |     4 |     5 |     2 ||    13
Armor: Robe              |    25 |       |       |       |       |       |       |       |       ||    25
       Scale mail        |     9 |    36 |       |       |       |       |       |       |       ||    45
       Plate armour      |       |   149 |   257 |   364 |   516 |   254 |   226 |       |       ||  1766
       Crystal plate arm |       |       |       |       |       |       |    47 |   102 |       ||   149
       Storm dragon scal |       |       |       |       |       |       |       |   223 |   112 ||   335
Dodge: Dodged            |    62 |    88 |    66 |   168 |   459 |   454 |   587 |   524 |   210 ||  2618
Block: Shield            |       |       |       |       |   283 |   600 |   839 |   623 |   142 ||  2487
